 Dungeon Crawl Stone Soup version 0.26.1-11-gd32895ea62 (webtiles) character file.

Game seed: 338264584313692940

62485 bigdumb the Fighter (level 14, -10/133 HPs)
             Began as a Demigod Fighter on July 4, 2021.
             Mangled by Donald
             ... wielding a +2 scimitar of holy wrath
              (24 damage)
             ... on level 1 of the Orcish Mines.
             The game lasted 01:01:17 (33082 turns).

bigdumb the Fighter (Demigod Fighter)              Turns: 33082, Time: 01:01:18

Health: -10/133    AC: 30    Str: 27    XL:     14   Next: 27%
Magic:  0/17       EV: 17    Int: 16    God:
Gold:   2326       SH: 14    Dex: 21    Spells: 13/13 levels left

rFire    + . .     SeeInvis +   S - +10 mace "Kusosuig" {freeze, *Contam rF+ Int+2 Dex+6}
rCold    . . .     Faith    .   c - +0 kite shield
rNeg     . . .     Spirit   +   N - +10 chain mail of the Stars {+Fly rElec SInv}
rPois    .         Reflect  .   (no helmet)
rElec    +         Harm     .   J - +2 cloak
rCorr    .         Rampage  .   k - +0 pair of gloves
Will     +....                  i - +1 pair of boots
Stlth    ..........             p - amulet of guardian spirit
HPRegen  0.32/turn              t - +4 ring of evasion
MPRegen  0.15/turn              (no ring)

@: no status effects
A: clever 1, high mp 1, shaggy fur 1
a: Evoke Flight


You were on level 1 of the Orcish Mines.
You visited 3 branches of the dungeon, and saw 18 of its levels.
You also visited: Ossuary.

You collected 2673 gold pieces.
You spent 347 gold pieces at shops.

Inventory:

Hand Weapons
 I - a +0 great mace
 S - the +10 mace "Kusosuig" (weapon) {freeze, *Contam rF+ Int+2 Dex+6}
   (You bought it in a shop on level 14 of the Dungeon)

   It has been specially enchanted to freeze those struck by it, causing extra
   injury to most foes and up to half again as much damage against particularly
   susceptible opponents.
   It can also slow down cold-blooded creatures.
   It affects your intelligence (+2).
   It affects your dexterity (+6).
   It protects you from fire.
   It causes magical contamination when unequipped.
 T - a +5 demon whip
Armour
 b - a +0 scale mail
 c - a +0 kite shield (worn)
 e - +0 ice dragon scales
 g - a +0 plate armour
 i - a +1 pair of boots (worn)
 k - a +0 pair of gloves (worn)
 n - +0 steam dragon scales
 J - a +2 cloak (worn)
 N - the +10 chain mail of the Stars (worn) {+Fly rElec SInv}
   (You found it on level 1 of the Lair of Beasts)

   It insulates you from electricity.
   It lets you see invisible.
   It lets you fly.
Magical Staves
 u - an uncursed staff of poison {unknown}
 L - an uncursed staff of cold {unknown}
 M - an uncursed staff of air {unknown}
Jewellery
 o - an uncursed ring of flight {unknown}
 p - an amulet of guardian spirit (around neck)
 t - a +4 ring of evasion (left hand)
 A - an uncursed ring of wizardry
 E - a cursed ring of attention
 K - a +6 ring of strength {unknown}
 P - an uncursed ring of flight {unknown}
Wands
 a - a wand of acid (6)
 d - a wand of paralysis (15)
 h - a wand of digging (6)
 q - a wand of random effects (56)
 O - a wand of disintegration (14)
 Q - a wand of iceblast (7)
Scrolls
 f - a scroll of enchant armour
 l - 6 scrolls of noise
 m - a scroll of fear
 r - 8 scrolls of identify
 v - 10 scrolls of immolation
 x - 4 scrolls of magic mapping
 y - 3 scrolls of fog
 G - 9 scrolls of remove curse
Potions
 s - a potion of magic
 w - 6 potions of flight
 B - 3 potions of brilliance
Miscellaneous
 C - a tin of tremorstones (1/2)


   Skills:
 + Level 14.4 Fighting
 + Level 12.9 Maces & Flails
 + Level 10.1 Armour
 + Level 6.7 Dodging
 + Level 11.9 Shields
 - Level 1.0 Unarmed Combat


You had 13 spell levels left.
You didn't know any spells.
Your spell library contained the following spells:

 Spells                   Type           Power        Failure   Level
 Animate Skeleton         Necr           0%           86%         1
 Apportation              Tloc           0%           86%         1
 Beastly Appendage        Tmut           0%           86%         1
 Corona                   Hex            0%           86%         1
 Freeze                   Ice            0%           86%         1
 Summon Small Mammal      Summ           0%           86%         1
 Slow                     Hex            0%           94%         2
 Wereblood                Tmut           0%           94%         2
 Frozen Ramparts          Ice            0%           99%         3
 Inner Flame              Hex/Fire       0%           99%         3
 Ozocubu's Armour         Ice            0%           99%         3
 Portal Projectile        Hex/Tloc       0%           99%         3
 Spider Form              Tmut/Pois      0%           99%         3
 Cause Fear               Hex            0%           100%        4
 Hailstorm                Conj/Ice       0%           100%        4
 Ice Form                 Ice/Tmut       0%           100%        4
 Leda's Liquefaction      Hex/Erth       0%           100%        4
 Summon Ice Beast         Ice/Summ       0%           100%        4
 Blade Hands              Tmut           0%           100%        5


Dungeon Overview and Level Annotations

Branches:
Dungeon (15/15)            Temple (0/1) D:4            Lair (1/6) D:9
    Orc (2/2) D:10            Elf (0/3) Orc:2        Vaults (0/5) D:13
 Depths (0/5) D:15        Ossuary (visited)

Shops:
D:4 [   D:7 :}}}}:*   D:8 :   D:14 (   D:15 (   Orc:1 (

Annotations:
D:6 2 transporters, Pepete's ghost, novice DEAE
Orc:1 Donald


Innate Abilities, Weirdness & Mutations

You have an increased reservoir of magic. (+10% MP)
Your mind is acute. (Int +2)
You are covered in fur. (AC +1)


Message History

Donald blocks your attack.
Donald is severely wounded.
Donald says, "You must run out of gods to curse by."
You block Donald's attack.
You hit Donald but do no damage.
Donald is severely wounded.
You block Donald's attack.
You hit Donald but do no damage.
Donald is severely wounded.
Donald says, "Why is it so dark?
Have they never heard of torches?"
You block Donald's attack.
You feel better. You block Donald's attack. Donald completely misses you.
You feel extremely strange.
Your thinking seems confused.
Your rugged brown scales disappear.
You feel clever. Fur sprouts all over your body.
Donald hits you but does no damage. Donald blocks your attack.
Donald is severely wounded.
Donald hits you with a +2 scimitar of holy wrath!!
You die...

.........## ...)......#
...))<....## ....))..)).###
...###.....#.# ####
#.......## #..).....# ####
##.)...###### ..8# ##))...#
#@# ...# #.....#####@##
_..###..##.# #..T.##
...##...#### #.....###
..8.....######.......#
'##....[.##........###
##...................##
...........>....##....####
....#............##...#..##


You could see Donald (fast, strong) and a troll.

Vanquished Creatures
  The ghost of MyelinatedAxon the Fencer, a journeyman MiGl of the Shining One (D:15)
  An ettin (Orc:2)
  4 vault guards
  A rakshasa (D:15)
  2 ice dragons (D:15)
  3 boulder beetles
  6 hydras
  Erica (D:9)
  7 two-headed ogres
  7 centaur warriors
  A two-headed ogre (shapeshifter) (D:15)
  A tengu warrior (D:13)
  3 unseen horrors
  2 wolf spider zombies
  2 deep elf magi
  An orc sorcerer (Orc:1)
  4 cyclopes
  11 ugly things
  5 manticores
  Maurice (D:9)
  Psyche (D:8)
  A cane toad (shapeshifter) (D:14)
  3 kobold demonologists
  A rime drake (Lair:1)
  Maggie (D:9)
  2 cane toads (Lair:1)
  A redback zombie (D:14)
  3 komodo dragons
  4 trolls
  3 meliai
  2 tengu conjurers
  Prince Ribbit (D:5)
  4 slime creatures (D:15)
  A meliai zombie (D:14)
  5 shadows
  2 wraiths
  16 yaks
  2 water elementals (D:13)
  Eustachio (D:4)
  2 vampires
  3 basilisks
  7 wyverns
  Grum (D:7)
  7 vampire mosquitoes
  2 wargs (Orc:2)
  Menkaure (D:5)
  A soldier ant (D:15)
  Duvessa (D:7)
  An acid dragon (shapeshifter) (D:15)
  8 water moccasins
  12 orc warriors
  6 ice beasts
  4 sky beasts
  2 black bears
  2 eyes of draining
  A hornet zombie (D:15)
  2 phantoms
  3 boggarts (D:15)
  16 centaurs
  14 ogres
  4 big kobolds
  11 bullfrogs
  2 gnoll sergeants
  A water moccasin skeleton (D:4)
  Dowan (D:7)
  4 scorpions
  12 killer bees (D:8)
  2 howler monkeys
  4 wights (D:6)
  5 electric eels (D:13)
  4 jellies
  15 orc priests
  A bullfrog zombie (D:12)
  12 hounds
  A human zombie (Ossuary)
  6 centaur zombies
  3 bullfrog skeletons
  5 centaur skeletons
  17 orc wizards
  4 iguanas
  Natasha (thrice) (D:2)
  7 worker ants
  A killer bee zombie (D:9)
  5 mummies (Ossuary)
  2 hound skeletons (D:9)
  17 gnolls
  16 adders
  2 shadow imps
  5 white imps
  An ufetubus (D:5)
  5 oozes
  An adder skeleton (D:6)
  4 worms
  2 dart slugs (D:1)
  5 leopard geckos
  65 orcs
  8 giant cockroaches
  7 goblins
  7 hobgoblins
  20 jackals
  23 kobolds
  3 quokkas
  2 ball pythons
  3 bats
  4 frilled lizards
  A goblin zombie (Ossuary)
  3 hobgoblin zombies (Ossuary)
  2 jackal zombies
  A leopard gecko skeleton (D:5)
  2 orc zombies (Ossuary)
  A quokka skeleton (D:6)
  8 rats
  A butterfly (Lair:1)
565 creatures vanquished.

Vanquished Creatures (others)
  An orc wizard (D:14)
  An orc (Orc:1)
  A fungus (Lair:1)
  14 plants (D:9)
17 creatures vanquished.

Grand Total: 582 creatures vanquished

Notes
Turn   | Place    | Note
-------+----------+-------------------------------------------
     0 | D:1      | bigdumb the Demigod Fighter began the quest for the Orb.
     0 | D:1      | Reached XP level 1. HP: 18/18 MP: 3/3
   118 | D:1      | Reached XP level 2. HP: 19/25 MP: 4/4
   291 | D:1      | Reached skill level 3 in Fighting
   816 | D:2      | Noticed Natasha
   823 | D:2      | Reached XP level 3. HP: 31/31 MP: 5/5
   825 | D:2      | Killed Natasha
   999 | D:2      | Noticed Natasha
  1007 | D:2      | Killed Natasha
  1008 | D:2      | Reached XP level 4. HP: 21/38 MP: 6/6
  1495 | D:2      | Noticed Natasha
  1500 | D:2      | Killed Natasha
  2094 | D:3      | Found a glowing silver altar of Zin.
  2169 | D:3      | Reached XP level 5. HP: 37/45 MP: 4/7
  2864 | D:3      | Found a hazy altar of Hepliaklqana.
  2865 | D:3      | Found an ornate altar of the Wu Jian Council.
  2865 | D:3      | Found a radiant altar of Vehumet.
  2865 | D:3      | Found a snail-covered altar of Cheibriados.
  2866 | D:3      | Found an opulent altar of Gozag.
  2867 | D:3      | Found a broken altar of Ashenzari.
  2868 | D:3      | Found a glowing golden altar of the Shining One.
  2869 | D:3      | Found a hide-covered altar of Uskayaw.
  2870 | D:3      | Found a shimmering blue altar of Sif Muna.
  2958 | D:4      | Found Foegren's Armour Boutique.
  3062 | D:4      | Noticed Eustachio
  3327 | D:3      | Reached skill level 5 in Fighting
  3327 | D:3      | Reached skill level 5 in Maces & Flails
  3327 | D:3      | Reached skill level 5 in Armour
  3328 | D:3      | Reached XP level 6. HP: 57/57 MP: 8/8
  3390 | D:4      | Found a staircase to the Ecumenical Temple.
  3584 | D:4      | Reached skill level 6 in Fighting
  3584 | D:4      | Reached XP level 7. HP: 63/63 MP: 9/9
  4078 | D:4      | Killed Eustachio
  4234 | D:5      | Entered Level 5 of the Dungeon
  4622 | D:5      | Noticed Menkaure
  4627 | D:5      | Noticed Prince Ribbit
  4642 | D:5      | Killed Menkaure
  5044 | D:5      | Reached XP level 8. HP: 70/70 MP: 10/10
  5104 | D:5      | Killed Prince Ribbit
  5585 | D:5      | Found a white marble altar of Elyvilon.
  5997 | D:6      | Found a transporter.
  5997 | D:6      | Noticed Pepete's ghost (novice DEAE)
  5997 | D:6      | Noticed a manticore
  6000 | D:6      | Found a transporter.
  6010 | D:6      | Reached skill level 5 in Dodging
  6364 | D:6      | Found a sand-covered staircase.
  6375 | Ossuary  | Entered an ossuary
  7015 | D:7      | Found Ihoirit's Book Shoppe.
  7152 | D:7      | Noticed Grum
  7168 | D:7      | Killed Grum
  7169 | D:7      | Reached XP level 9. HP: 63/75 MP: 9/11
  7375 | D:7      | Noticed Dowan
  7376 | D:7      | Noticed Duvessa
  7377 | D:7      | Found Wutz's Gadget Shoppe.
  7385 | D:7      | Killed Dowan
  7406 | D:7      | Killed Duvessa
  7677 | D:7      | Gained mutation: You are partially covered in rugged brown
                  | scales. (AC +1, +3% HP) [potion of mutation]
  7677 | D:7      | Gained mutation: You possess an exceptional clarity of
                  | mind. [potion of mutation]
  7899 | D:7      | Found Zaegeeq's Book Shoppe.
  8444 | D:7      | Found Doniute's Gadget Boutique.
  8574 | D:7      | Found Hidd's Assorted Antiques.
  8584 | D:7      | Bought a potion of heal wounds for 115 gold pieces
  8745 | D:7      | Found Raivvenk's Gadget Shop.
  9088 | D:7      | Found Ugag's Gadget Shop.
  9229 | D:8      | Noticed a two-headed ogre
  9376 | D:8      | Found Omunie's Book Shop.
  9532 | D:8      | Noticed Psyche
  9537 | D:8      | Paralysed by Psyche for 4 turns
  9550 | D:8      | Killed Psyche
  9919 | D:8      | Killed a two-headed ogre
  9920 | D:8      | Reached XP level 10. HP: 81/86 MP: 10/13
 10187 | D:8      | Reached skill level 7 in Fighting
 11088 | D:9      | Found a stormy altar of Qazlal.
 11132 | D:9      | Reached skill level 8 in Fighting
 11238 | D:9      | Reached skill level 9 in Fighting
 11306 | D:9      | Noticed Erica
 11325 | D:9      | Killed Erica
 11406 | D:9      | Reached skill level 10 in Fighting
 11437 | D:9      | Found a runed translucent door.
 12060 | D:9      | Found a staircase to the Lair.
 12062 | D:9      | Noticed Maurice
 12393 | D:9      | Noticed Maggie
 12422 | D:9      | Killed Maggie
 12423 | D:9      | Reached skill level 11 in Fighting
 12815 | D:9      | Reached XP level 11. HP: 82/105 MP: 11/14
 13190 | D:9      | Killed Maurice
 13307 | Lair:1   | Entered Level 1 of the Lair of Beasts
 13417 | Lair:1   | Reached skill level 12 in Fighting
 15030 | Lair:1   | Found a white marble altar of Elyvilon.
 15030 | Lair:1   | Noticed a six-headed hydra
 15065 | Lair:1   | Killed a six-headed hydra
 15066 | Lair:1   | Reached skill level 13 in Fighting
 15066 | Lair:1   | Reached skill level 1 in Unarmed Combat
 15804 | Lair:1   | Noticed a five-headed hydra
 15826 | Lair:1   | Killed a five-headed hydra
 16505 | Lair:1   | Got a fine chain mail
 16506 | Lair:1   | Identified the +10 chain mail of the Stars {+Fly rElec
                  | SInv} (You found it on level 1 of the Lair of Beasts)
 16868 | Lair:1   | Identified a scroll of acquirement
 16868 | Lair:1   | Acquired 712 gold pieces
 17496 | D:10     | Entered Level 10 of the Dungeon
 17559 | D:10     | Noticed an unseen horror
 17594 | D:10     | Killed an unseen horror
 18349 | D:10     | Found a staircase to the Orcish Mines.
 18682 | D:11     | Noticed a boulder beetle
 18751 | D:11     | Killed a boulder beetle
 19449 | D:11     | Reached skill level 10 in Maces & Flails
 19498 | D:11     | Reached XP level 12. HP: 118/118 MP: 15/15
 19925 | D:12     | Found a shimmering altar of Xom.
 19925 | D:12     | Found a shimmering altar of Xom.
 19926 | D:12     | Found a shimmering altar of Xom.
 20388 | D:12     | Noticed a boulder beetle
 20474 | D:12     | Killed a boulder beetle
 21507 | D:13     | Noticed a centaur warrior
 21530 | D:13     | Killed a centaur warrior
 21638 | D:13     | Noticed a centaur warrior
 21662 | D:13     | Killed a centaur warrior
 22383 | D:13     | Noticed a six-headed hydra
 22400 | D:13     | Killed a six-headed hydra
 22895 | D:13     | Reached skill level 10 in Shields
 25020 | D:14     | Noticed a four-headed hydra
 25038 | D:13     | Killed a four-headed hydra
 25105 | D:14     | Reached XP level 13. HP: 126/126 MP: 16/16
 26179 | D:14     | Reached skill level 14 in Fighting
 27393 | D:14     | Found Raidinas's Antique Weapon Boutique.
 27397 | D:14     | Bought a brightly glowing mace for 232 gold pieces
 27397 | D:14     | Identified the +10 mace "Kusosuig" {freeze, *Contam rF+
                  | Int+2 Dex+6} (You bought it in a shop on level 14 of the
                  | Dungeon)
 27492 | D:14     | Found an opulent altar of Gozag.
 27533 | D:15     | Entered Level 15 of the Dungeon
 28837 | D:15     | Found Ypnurch's Weapon Shoppe.
 29168 | D:15     | Got smouldering fire dragon scales
 29169 | D:15     | Identified the cursed +1 fire dragon scales of Horph {rF++
                  | rC- Will- Regen+ MP+9} (You found it on level 15 of the
                  | Dungeon)
 29601 | D:15     | Found a staircase to the Depths.
 29934 | D:15     | Found a runed translucent door.
 29937 | D:15     | Noticed MyelinatedAxon's ghost (journeyman MiGl)
 30216 | D:15     | Killed MyelinatedAxon's ghost
 30217 | D:15     | Reached XP level 14. HP: 123/135 MP: 17/17
 30588 | D:13     | Reached skill level 10 in Armour
 31445 | D:13     | Found a gate to the Vaults.
 31990 | Orc:1    | Entered Level 1 of the Orcish Mines
 32311 | Orc:1    | Found a roughly hewn altar of Beogh.
 32320 | Orc:1    | Found Riakloin's Antique Weapon Emporium.
 32451 | Orc:2    | Entered Level 2 of the Orcish Mines
 32451 | Orc:2    | Found a staircase to the Elven Halls.
 32973 | Orc:2    | Noticed Donald
 33076 | Orc:1    | HP: 4/136 [Donald/+2 scimitar of holy wrath (20)]
 33081 | Orc:1    | Lost mutation: You possess an exceptional clarity of mind.
                  | [potion of mutation]
 33081 | Orc:1    | Lost mutation: You are partially covered in rugged brown
                  | scales. (AC +1, +3% HP) [potion of mutation]
 33081 | Orc:1    | Gained mutation: Your mind is acute. (Int +2) [potion of
                  | mutation]
 33081 | Orc:1    | Gained mutation: You are covered in fur. (AC +1) [potion of
                  | mutation]
 33082 | Orc:1    | Mangled by Donald

Illustrated notes

Levels and vault maps discovered:
D:1:      ebering_trefoil_twist, layout_basic, serial_glass, glass_columns_a,
          glass_columns_c
D:2:      layout_basic, uniq_natasha
D:3:      wander_river, layout_basic, minitemple, minivault_19
D:4:      layout_loops_ring, temple_fountains, serial_shops, nicolae_shop_trees,
          uniq_eustachio
D:5:      layout_loops_ring, kennysheep_mini_moat, kennysheep_nondescript,
          uniq_menkaure, uniq_prince_ribbit1
D:6:      layout_basic, gammafunk_ghost_arena, nicolae_ossuary_entry_ruins
D:7:      layout_cave_pods, serial_gnoll_camp, gnoll_camp_mini_basic,
          gnoll_camp_mini_loothouse, gnoll_camp_mini_shop, grums_kennel,
          gnoll_camp_mini_shop, serial_shops, shop, nicolae_shop_statue_plus,
          nicolae_shop_trees, kennysheep_little_box, shop, uniq_duvessa
D:8:      layout_basic, serial_shops, nicolae_shop_stone, hex_medium,
          minmay_manual_monstrance, uniq_psyche
D:9:      minmay_bloctagon_deflated, layout_basic, lemuel_crystal_altar,
          minmay_lair_entry_grove, minivault_25, grunt_ministairs_1,
          minmay_st_funbox, uniq_maggie, uniq_maurice, uniq_erica
D:10:     layout_roguey, orc_0_dummy, minmay_misc_feat_alley
D:11:     layout_loops_ring, kennysheep_cross_room
D:12:     layout_cave_pods, minmay_statues_item, xom_redecorated
D:13:     layout_basic, lightli_vaults_fourway_checkpoint
D:14:     layout_big_octagon, serial_shops, shop, grunt_decor_fettered,
          grunt_gozag_breadcrumbs
D:15:     grunt_enter_depths_hoard, layout_cave_pools, serial_shops, shop,
          ebering_ghost_inner_flame, minmay_misc_feat_cross
Lair:1:   layout_small_grid, basic_altar, serial_bayou_shore_b,
          grunt_megastairs_5, lemuel_fruit_fields
Orc:1:    layout_diamond_mine, serial_shops,
          nicolae_shop_temple_entry_statues_fountains, nicolae_orc_lost_temple
Orc:2:    st_orc_elflike, layout_diamond_mine, rock_pile, uniq_donald

Skill      XL: |  1  2  3  4  5  6  7  8  9 10 11 12 13 14 |
---------------+-------------------------------------------+-----
Fighting       | 3 5 6 11 13 14 | 14.4
Maces & Flails | 2 3 5 6 7 8 10 11 12 | 12.9
Shields        | 3 6 7 8 9 10 11 | 11.9
Armour         | 3 5 6 7 8 9 10 | 10.1
Dodging        | 4 5 6 |  6.7
Unarmed Combat | 1 |  1.0

Action                   |  1- 3 |  4- 6 |  7- 9 | 10-12 | 13-15 || total
-------------------------+-------+-------+-------+-------+-------++-------
Melee: Flail             |    88 |   204 |   384 |       |       ||   676
       Mace              |       |       |   333 |  1335 |   757 ||  2425
       Unarmed           |       |       |       |    30 |       ||    30
Evoke: Wand              |       |       |       |       |     1 ||     1
       Tin of tremorston |       |       |       |       |     1 ||     1
  Use: Scroll            |       |     6 |     6 |    11 |     9 ||    32
       Potion            |       |     8 |     7 |    10 |     7 ||    32
Armor: Scale mail        |    29 |    65 |    42 |       |       ||   136
       Plate armour      |       |       |   211 |   197 |       ||   408
       Chain mail        |       |       |       |   349 |   322 ||   671
Dodge: Dodged            |    22 |    72 |   360 |   622 |   437 ||  1513
Block: Kite shield       |    44 |   101 |   483 |   828 |   570 ||  2026
